 Dungeon Crawl Stone Soup version 0.29-a0-296-gda187f2e07 (webtiles) character file.

Game seed: 7765998506840668917

8911 Leszczynek the Cleaver (level 11, -9/89 HPs)
             Began as a Human Gladiator on Mar 19, 2022.
             Was a Priest of Qazlal.
             Mangled by a slime creature (10 damage)
             ... on level 11 of the Dungeon.
             The game lasted 00:36:41 (6202 turns).

Leszczynek the Cleaver (Human Gladiator)            Turns: 6202, Time: 00:36:42

Health: -9/89      AC: 11    Str: 19    XL:     11   Next: 64%
Magic:  16/16      EV: 17    Int:  8    God:    Qazlal [***...]
Gold:   133        SH:  4    Dex: 15    Spells: 10/10 levels left

rFire   . . .      SeeInvis .   a - +0 battleaxe
rCold   . . .      Faith    .   (shield currently unavailable)
rNeg    + . .      Spirit   .   v - +3 ring mail {rN+}
rPois   .          Reflect  .   p - +0 helmet
rElec   .          Harm     .   (no cloak)
rCorr   .          Rampage  .   u - +0 pair of gloves
Will    .....                   j - +0 pair of boots
Stlth   +.........              f - amulet of the acrobat
HPRegen 0.24/turn               z - +4 ring of slaying
MPRegen 0.15/turn               E - +4 ring of evasion

@: no status effects
A: no striking features
a: Renounce Religion, Upheaval, Elemental Force


You were on level 11 of the Dungeon.
You worshipped Qazlal.
Qazlal was most pleased with you.
You visited 1 branch of the dungeon, and saw 11 of its levels.

You collected 435 gold pieces.
You spent 302 gold pieces at shops.

Inventory:

Hand Weapons
 a - a +0 battleaxe (weapon)
 b - a +0 arbalest
 o - a +0 war axe
 q - a +0 great sword
 r - a +0 morningstar
 y - a +5 flail
Missiles
 n - 16 poisoned darts (quivered)
 G - a curare-tipped dart
Armour
 j - a +0 pair of boots (worn)
 p - a +0 helmet (worn)
 u - a +0 pair of gloves (worn)
 v - a +3 ring mail of positive energy (worn)
Jewellery
 f - an amulet of the acrobat (around neck)
 z - a +4 ring of slaying (left hand)
 E - a +4 ring of evasion (right hand)
Wands
 d - a wand of digging (10)
 B - a wand of iceblast (11)
Scrolls
 c - a scroll of holy word {!r}
 e - 5 scrolls of teleportation
 h - 2 scrolls of immolation {unknown}
 i - 2 scrolls of magic mapping
 k - a scroll of fog
 l - 4 scrolls of fear
 s - a scroll of silence {!r}
 t - a scroll of enchant weapon {unknown}
 w - a scroll of blinking
Potions
 g - 2 potions of magic
 m - 3 potions of curing {@q1}
 x - a potion of brilliance {unknown}
 A - a potion of berserk rage {unknown}
 C - a potion of cancellation {unknown}
 D - a potion of might {unknown}
 F - a potion of lignification {!q}
 H - a potion of degeneration {unknown}
 I - a potion of flight {unknown}


   Skills:
 - Level 9.0 Fighting
 * Level 12.6 Axes
 - Level 4.3 Throwing
 - Level 5.0 Dodging
 + Level 7.3 Invocations


You had 10 spell levels left.
You didn't know any spells.
Your spell library contained the following spells:

 Spells                   Type           Power      Damage    Failure   Level
 Poisonous Vapours        Pois/Air       0%         N/A       75%         2
 Spider Form              Tmut/Pois      0%         N/A       92%         3
 Tukima's Dance           Hex            0%         N/A       92%         3
 Anguish                  Hex/Necr       0%         N/A       100%        4
 Passage of Golubria      Tloc           0%         N/A       100%        4
 Metabolic Englaciation   Hex/Ice        0%         N/A       100%        5
 Yara's Violent Unravell  Hex/Tmut       0%         3d3       100%        5


Dungeon Overview and Level Annotations

Branches:
Dungeon (11/15)            Temple (0/1) D:5            Lair (0/6) D:9
    Orc: D:9-12

Altars:
Qazlal

Shops:
D:1 [

Annotations:
D:4 Sigmund
D:7 Maggie
D:9 Erolcha
D:10 Lodul


Message History

Here: Lodul, wielding a +0 dire flail of venom The floor.
Things that are here:
+0 steam dragon scales; a steam dragon corpse
There is an open door here.
You hear a shout! x2
An ogre comes into view. It is wielding a +0 giant club.
An ogre comes into view. It is wielding a +0 giant club.
The ogre shouts!
Electricity crackles from Lodul's apparatus.
The bolt of lightning misses you.
There is a stone staircase leading down, spattered with blood here.
You climb downwards.
The slime creature barely misses you. The slime creature misses you.
The slime creature hits you.
There is a stone staircase leading up, spattered with blood here.
You barely miss the slime creature. You slash the slime creature!
You barely miss the slime creature. The slime creature barely misses you.
The slime creature hits you! The slime creature misses you.
You slash the slime creature!
The slime creature is moderately wounded.
You hit the slime creature. x2; You block the slime creature's attack.
The slime creature hits you! The slime creature misses you.
You slice the slime creature!!
The slime creature is severely wounded.
You hit the slime creature. You barely miss the slime creature.
The slime creature hits you!
The slime creature is engulfed in blazing flames.
The slime creature closely misses you. The slime creature barely misses you.
You hit the slime creature.
The slime creature is severely wounded.
You barely miss the slime creature. x2; The slime creature hits you!
* * * LOW HITPOINT WARNING * * *
The slime creature hits you but does no damage.
The slime creature is engulfed in blazing flames.
The slime creature hits you!
* * * LOW HITPOINT WARNING * * *
The slime creature hits you but does no damage.
The slime creature is engulfed in blazing flames.
The slime creature misses you. The slime creature hits you!
You die...

###########
..........
.........#
.......J°#
........@#
.......JJ#
.........#
.......[..
########...
#....
#.....
#......


You could see 3 slime creatures.

Vanquished Creatures
  A troll (D:10)
  A polar bear (D:10)
  Grinder (D:4)
  2 slime creatures (D:10)
  5 centaur simulacra (D:10)
  2 wyverns (D:9)
  2 wraiths (D:10)
  19 yaks
  A steam dragon (D:10)
  2 vampire mosquitoes (D:10)
  4 water moccasins
  A meliai simulacrum (D:10)
  An orc warrior (D:8)
  2 ice beasts
  2 ogres (D:5)
  2 centaurs
  3 kobold brigands
  A necrophage (D:5)
  A gnoll sergeant (D:5)
  5 bullfrogs
  4 scorpions
  9 wights
  4 killer bees (D:9)
  3 orc priests
  3 hounds
  2 jellies
  4 orc wizards
  Terence (D:3)
  4 iguanas
  8 gnolls
  5 adders
  6 white imps
  4 ufetubi
  3 worms
  2 dart slugs
  37 orcs
  10 ball pythons
  7 bats
  5 endoplasms
  2 giant cockroaches
  2 goblins (D:3)
  5 hobgoblins
  4 quokkas
  2 frilled lizards (D:3)
  22 kobolds
  7 rats
223 creatures vanquished.

Vanquished Creatures (collateral kills)
  2 yaks (D:10)
2 creatures vanquished.

Vanquished Creatures (others)
  A bush (D:9)
  2 fungi (D:9)
  21 plants (D:9)
24 creatures vanquished.

Grand Total: 249 creatures vanquished

Notes
Turn   | Place    | Note
-------+----------+-------------------------------------------
     0 | D:1      | Leszczynek the Human Gladiator began the quest for the Orb.
     0 | D:1      | Reached XP level 1. HP: 16/16 MP: 1/1
    24 | D:1      | Found Wiawem's Armour Boutique.
    65 | D:1      | Reached XP level 2. HP: 17/22 MP: 2/2
   239 | D:1      | Found a faded altar of an unknown god.
   250 | D:1      | Prayed at the altar of an unknown god.
   250 | D:1      | Became a worshipper of Qazlal Stormbringer
   250 | D:1      | Reached * piety under Qazlal
   290 | D:2      | Reached skill level 4 in Axes
   290 | D:2      | Reached XP level 3. HP: 27/27 MP: 3/3
   383 | D:3      | Noticed Terence
   388 | D:3      | Killed Terence
   389 | D:3      | Reached XP level 4. HP: 30/33 MP: 4/4
   598 | D:4      | Reached skill level 5 in Axes
   602 | D:4      | Reached XP level 5. HP: 23/38 MP: 5/5
   641 | D:4      | Noticed Sigmund
  1017 | D:1      | Bought a +0 pair of gloves for 49 gold pieces
  1152 | D:3      | Reached ** piety under Qazlal
  1191 | D:4      | Noticed Grinder
  1193 | D:4      | Paralysed by Grinder for 6 turns
  1222 | D:4      | Killed Grinder
  1223 | D:4      | Reached skill level 6 in Axes
  1223 | D:4      | Reached skill level 2 in Invocations
  1223 | D:4      | Reached XP level 6. HP: 41/44 MP: 2/7
  1361 | D:5      | Entered Level 5 of the Dungeon
  1583 | D:4      | Reached XP level 7. HP: 26/51 MP: 7/9
  1681 | D:4      | Reached skill level 3 in Fighting
  1681 | D:4      | Reached skill level 3 in Invocations
  2305 | D:6      | Got the Almanac of Elitism
  2350 | D:6      | HP: 10/53 [orc priest/+0 short sword (2)]
  2354 | D:6      | Reached skill level 4 in Fighting
  2359 | D:6      | HP: 6/54 [something (2)]
  2360 | D:6      | HP: 2/54 [something (4)]
  2648 | D:5      | Reached skill level 4 in Invocations
  2648 | D:5      | Reached XP level 8. HP: 33/60 MP: 7/11
  2712 | D:5      | Reached skill level 7 in Axes
  3118 | D:5      | Reached skill level 8 in Axes
  3278 | D:5      | Found a staircase to the Ecumenical Temple.
  3466 | D:5      | Reached skill level 9 in Axes
  3576 | D:6      | Reached XP level 9. HP: 66/66 MP: 9/12
  3740 | D:6      | Found a stormy altar of Qazlal.
  3879 | D:1      | Bought a +3 ring mail of positive energy for 253 gold
                  | pieces
  4128 | D:6      | Reached skill level 5 in Fighting
  4154 | D:6      | Reached skill level 10 in Axes
  4306 | D:7      | Reached skill level 6 in Fighting
  4496 | D:9      | Noticed Erolcha
  4500 | D:8      | Reached skill level 7 in Fighting
  4500 | D:8      | motherfucker
  4656 | D:7      | Reached XP level 10. HP: 46/79 MP: 9/13
  4704 | D:7      | Noticed Maggie
  4785 | D:8      | Reached skill level 5 in Invocations
  4790 | D:8      | Reached skill level 8 in Fighting
  4796 | D:8      | Reached skill level 11 in Axes
  4988 | D:9      | Reached skill level 3 in Throwing
  4996 | D:9      | Reached skill level 6 in Invocations
  5062 | D:10     | Entered Level 10 of the Dungeon
  5172 | D:9      | Reached skill level 4 in Dodging
  5253 | D:9      | Reached skill level 9 in Fighting
  5469 | D:9      | Reached skill level 5 in Dodging
  5469 | D:9      | Reached XP level 11. HP: 63/89 MP: 15/15
  5484 | D:9      | Found a staircase to the Lair.
  5532 | D:9      | Reached *** piety under Qazlal
  5534 | D:9      | Reached skill level 4 in Throwing
  5831 | D:10     | Reached skill level 12 in Axes
  5954 | D:10     | Reached skill level 7 in Invocations
  6182 | D:10     | Noticed Lodul
  6202 | D:11     | HP: 13/89 [slime creature (15)]
  6202 | D:11     | HP: 1/89 [slime creature (12)]
  6202 | D:11     | Mangled by a slime creature

Illustrated notes

#.. #.. #.# #.#.#
#.# #.#.# #.# #.#.#
### #.# #.#.# ..#
#.# #.#.# ..######
#.# #.#.# ###
..'....#
###.#####.#.#.....
..####.#
#.@................
..# #.#
#.#.#####.#.#.#....
..# #.# #.#.#
#.#.#.# ## ..# #.#
#.#.# #.#.# # ..#
#.# #.#.. ..#.# ..#
#.########.#..
....# ###
#..........#..#
###### ###
############..# .[#


Turn 4500 on D:8: motherfucker

Levels and vault maps discovered:
D:1:      dpeg_arrival_shelter, layout_rooms,
          dreamdust_ecumenical_altar_statues, serial_shops, shop
D:2:      layout_loops_ring
D:3:      layout_basic, grunt_ministairs_15, uniq_terence
D:4:      layout_loops_corners, uniq_sigmund, uniq_grinder
D:5:      layout_loops_ring, minmay_temple_entry_statues, palyth_stone_intersect
D:6:      layout_rooms, nicolae_qazlal_eye_of_the_storm,
          hangedman_decor_diamond_cutter
D:7:      layout_basic, dk_noncrumbling_2, kennysheep_generic_room_3,
          uniq_maggie, uniq_crazy_yiuf_cottage
D:8:      layout_basic, gammafunk_ghost_smash, kennysheep_generic_room_5
D:9:      layout_roguey, minmay_lair_entry_grove, uniq_erolcha, uniq_gastronok
D:10:     layout_gridville, serial_ice, serial_ice_n, serial_ice_h,
          serial_ice_c, serial_ice_j, serial_ice_f, serial_ice_m, serial_ice_o,
          serial_ice_e, uniq_lodul
D:11:     layout_stronghold, serial_glass, glass_columns_c, glass_columns_a,
          glass_columns_b, glass_columns_a, glass_columns_c, glass_columns_a

Skill      XL: |  1  2  3  4  5  6  7  8  9 10 11 |
---------------+----------------------------------+-----
Axes           | 4 5 6 9 10 11 12 | 12.6
Invocations    | 2 4 6 7 |  7.3
Fighting       | 4 7 9 |  9.0
Throwing       | 3 4 |  4.3
Dodging        | 5 |  5.0

Action                   |  1- 3 |  4- 6 |  7- 9 | 10-12 || total
-------------------------+-------+-------+-------+-------++-------
Melee: War axe           |    57 |   147 |   171 |       ||   375
       Punch             |     2 |     3 |     3 |       ||     8
       Battleaxe         |       |       |   153 |   208 ||   361
       Flail             |       |       |       |    10 ||    10
 Fire: Hunting sling     |       |     3 |       |       ||     3
       Arbalest          |       |     3 |     3 |     2 ||     8
Throw: Dart              |     2 |     4 |     3 |    14 ||    23
       Javelin           |     1 |     2 |     1 |       ||     4
       Throwing net      |       |     3 |     4 |       ||     7
Invok: Upheaval          |       |     1 |    13 |     2 ||    16
       Elemental Force   |       |       |       |     1 ||     1
  Use: Potion            |       |     2 |       |       ||     2
       Scroll            |       |       |     9 |     1 ||    10
 Stab: Held in net/web   |       |     1 |     1 |       ||     2
Armor: Ring mail         |    27 |    40 |   118 |    62 ||   247
       Leather armour    |     2 |       |       |       ||     2
       Skin              |       |    22 |       |       ||    22
Dodge: Dodged            |    34 |    71 |   191 |   186 ||   482
Block: Other             |       |     9 |    27 |    25 ||    61

Table legend: (Time is in decaauts)
 A = Elapsed time spent in this place.
 B = Non-inter-level travel time spent in this place.
 C = Inter-level travel time spent in this place.
 D = Time resting spent in this place.
 E = Time spent auto-exploring this place.
 F = Levels seen in this place.
 G = Mean time per level.
                   A        B        C        D        E       F      G
               +--------+--------+--------+--------+--------+-----+--------+
         Total |   6954 |   6461 |    493 |     23 |      0 |  11 |  632.2 |
       Dungeon |   6954 |   6461 |    493 |     23 |      0 |  11 |  632.2 |
               +--------+--------+--------+--------+--------+-----+--------+

Top non-repeatable levels by time:
     D:4: 1332 daAuts
     D:5: 1079 daAuts
     D:6: 790 daAuts
     D:8: 721 daAuts
     D:9: 713 daAuts
    D:10: 692 daAuts
     D:3: 677 daAuts
     D:1: 383 daAuts
     D:2: 315 daAuts
     D:7: 237 daAuts
    D:11: 9 daAuts
